 Dungeon Sprint DCSS version 0.30-a0-1112-gfb780f5df6 (webtiles) character file.

Game seed: 11799352099694370853

3899 sircluck the Severer (level 10, 0/107 HPs)
             Began as a Hill Orc Berserker on Apr 19, 2023.
             Was a High Priest of Trog.
             Succumbed to a killer bee's poison
             ... in the Dungeon (Sprint III: "The Ten Rune Challenge").
             The game lasted 00:07:00 (1516 turns).

sircluck the Severer (Hill Orc Berserker)           Turns: 1516, Time: 00:07:01

Health: 0/107      AC:  6    Str: 25    XL:     10   Next: 20%
Magic:  10/10      EV: 13    Int:  7    God:    Trog [*****.]
Gold:   33         SH:  0    Dex: 10    Spells: 9/9 levels left

rFire   . . .      SeeInvis .    p - +2 executioner's axe
rCold   . . .      Faith    .    (shield currently unavailable)
rNeg    . . .      Spirit   .    l - +0 ring mail
rPois   .          Reflect  .    (no helmet)
rElec   .          Rampage  .    (no cloak)
rCorr   .          NoTele   +    (no gloves)
Will    ++...                    (no boots)
Stlth   ++                       (no amulet)
HPRegen 1.37/turn                (no ring)
MPRegen 0.12/turn                (no ring)

@: lethally poisoned (0 -> -2), strong-willed, on berserk cooldown, regenerating
A: no striking features
a: Renounce Religion, Berserk, Trog's Hand, Brothers in Arms


You were in the Dungeon.
You worshipped Trog.
Trog was extremely pleased with you.
You visited 1 branch You collected 33 gold pieces.

Inventory:

Hand Weapons
 a - a +0 hand axe
 k - a +1 antimagic battleaxe
 p - a +2 executioner's axe (weapon)
Armour
 b - a +0 animal skin
 l - a +0 ring mail (worn)
Scrolls
 o - a scroll of identify
Potions
 e - a potion of haste
 f - 2 potions of magic
 g - a potion of berserk rage
 i - a potion of invisibility {unknown}
 j - 4 potions of mutation
 m - 4 potions of flight
Miscellaneous
 n - a tin of tremorstones (1/2)


   Skills:
 + Level 16.2 Fighting
 + Level 19.4 Axes
 + Level 7.4 Armour
 + Level 7.6 Dodging
 + Level 3.8 Stealth
 + Level 1.0 Evocations


You had 9 spell levels left.
You didn't know any spells.
Your spell library was empty.

Dungeon Overview and Level Annotations

Branches:
Dungeon (1/1)

Altars:
Cheibriados
Dithmenos
Elyvilon
Fedhas
Gozag
Hepliaklqana
Kikubaaqudgha
Makhleb
Nemelex Xobeh
Okawaru
Qazlal
Ru
Sif Muna
Trog
Uskayaw
Vehumet
Wu Jian
Xom
Yredelemnul
Zin
The Shining One
Beogh
Jiyva
Lugonu


Message History

The killer bee is lightly wounded.
The killer bee stings you.
* * * LOW HITPOINT WARNING * * *
The killer bee completely misses you. The killer bee closely misses you.
Blink to where?
Press: ? - help, Q - select action, (/) - cycle Dir - move target
As you read the scroll of blinking, it crumbles to dust.
You completely miss the killer bee.
The killer bee is lightly wounded.
The killer bee barely misses you. The killer bee completely misses you.
You closely miss the killer bee.
The killer bee is lightly wounded.
You feel yourself speed up. The killer bee barely misses you.
The killer bee closely misses you. x2
You barely miss the killer bee.
The killer bee is lightly wounded.
The killer bee barely misses you. The killer bee stings you.
* * * LOW HITPOINT WARNING * * *
The killer bee stings you!
* * * LOW HITPOINT WARNING * * *
You are poisoned.
The killer bee poisons you!
You feel better. The killer bee barely misses you. x2
The killer bee closely misses you. The killer bee misses you.
The killer bee closely misses you. The killer bee completely misses you.
The killer bee stings you.
* * * LOW HITPOINT WARNING * * *
You are poisoned.
The killer bee poisons you! The killer bee stings you!
* * * LOW HITPOINT WARNING * * *
Okay, then.
The tremorstone explodes into fragments!
Trog accepts your kill.
You feel a bit more experienced.
The burst of rock shards engulfs the killer bee!
The burst of rock shards engulfs the killer bee!!
You kill the killer bee!
Trog accepts your kill.
The burst of rock shards engulfs the killer bee!
You die...

#+###########################
#.§~~§'.#.'...'.#.#.#)yyyy~≈#
#.#§~§#.#.#.).##.#.#†##..y~≈#
'.#.§§#.#.#)).#.#.#.#†# yy~≈≈
#.#..§#...#...##.#.#.## .~~~
▓▓▓▓▓▓▓▓▓▓▓▓▓▓#.#.#y#.# ...
##.#y#.## .. +y#y#.#.# .
##@#.#.## #+#####


You could see 4 killer bees.

Vanquished Creatures
  A centaur warrior (D)
  Erica (D)
  A deep elf pyromancer (D)
  An unseen horror (D)
  A queen bee (D)
  A shadow (D)
  A spatial vortex (D)
  2 centaurs (D)
  An earth elemental (D)
  A necrophage (D)
  A water elemental (D)
  20 killer bees (D)
  A jelly (D)
  Jessica (D)
  A necromancer (D)
  A wizard (D)
  3 humans (D)
  A kobold demonologist (D)
  A phantom (D)
  2 rats (D)
43 creatures vanquished.

Vanquished Creatures (collateral kills)
  A killer bee (D)
1 creature vanquished.

Grand Total: 44 creatures vanquished

Notes
Turn   | Place    | Note
-------+----------+-------------------------------------------
     0 | D        | sircluck the Hill Orc Berserker began the quest for the
                  | Orb.
     0 | D        | Reached XP level 1. HP: 19/19 MP: 1/1
    12 | D        | Noticed Jessica
    14 | D        | Killed Jessica
    14 | D        | Reached ** piety under Trog
    15 | D        | Reached skill level 5 in Fighting
    15 | D        | Reached skill level 6 in Axes
    15 | D        | Reached XP level 2. HP: 30/30 MP: 2/2
    15 | D        | Reached XP level 3. HP: 37/37 MP: 3/3
   262 | D        | Reached skill level 7 in Axes
   400 | D        | Noticed a water elemental
   404 | D        | Killed a water elemental
   405 | D        | Reached skill level 8 in Axes
   405 | D        | Reached XP level 4. HP: 35/47 MP: 4/4
   487 | D        | Found a radiant altar of Vehumet.
   487 | D        | Found a shimmering blue altar of Sif Muna.
   487 | D        | Found an ancient bone altar of Kikubaaqudgha.
   487 | D        | Noticed a wizard
   491 | D        | Killed a wizard
   491 | D        | Reached *** piety under Trog
   492 | D        | Reached skill level 9 in Axes
   492 | D        | Reached XP level 5. HP: 46/53 MP: 5/5
   514 | D        | Found a basalt altar of Yredelemnul.
   514 | D        | Found a shadowy altar of Dithmenos.
   514 | D        | Found a sacrificial altar of Ru.
   522 | D        | Reached **** piety under Trog
   531 | D        | Reached skill level 10 in Axes
   531 | D        | Reached XP level 6. HP: 18/64 MP: 6/6
   708 | D        | Found a hide-covered altar of Uskayaw.
   708 | D        | Found a roughly hewn altar of Beogh.
   708 | D        | Found an iron altar of Okawaru.
   708 | D        | Found a bloodstained altar of Trog.
   708 | D        | Found an ornate altar of the Wu Jian Council.
   708 | D        | Noticed a human
   709 | D        | Noticed a human
   716 | D        | Killed a human
   717 | D        | Reached skill level 10 in Fighting
   717 | D        | Reached skill level 12 in Axes
   727 | D        | Killed a human
   728 | D        | Reached skill level 13 in Axes
   728 | D        | Reached skill level 5 in Armour
   728 | D        | Reached skill level 1 in Stealth
   728 | D        | Reached XP level 7. HP: 74/74 MP: 7/7
   778 | D        | Found a glowing silver altar of Zin.
   778 | D        | Found a glowing golden altar of the Shining One.
   778 | D        | Found a white marble altar of Elyvilon.
   779 | D        | Noticed a deep elf pyromancer
   780 | D        | Noticed a fire elemental
   784 | D        | Killed a deep elf pyromancer
   784 | D        | Reached ***** piety under Trog
   785 | D        | Reached skill level 14 in Axes
   785 | D        | Reached skill level 5 in Dodging
   785 | D        | Reached XP level 8. HP: 85/85 MP: 8/8
   842 | D        | Noticed a shadow
   848 | D        | Killed a shadow
   849 | D        | Reached skill level 15 in Axes
   858 | D        | Found a blossoming altar of Fedhas.
   858 | D        | Found a stormy altar of Qazlal.
   858 | D        | Found a snail-covered altar of Cheibriados.
   858 | D        | Found a burning altar of Makhleb.
   858 | D        | Found a shimmering altar of Xom.
   866 | D        | Found a hazy altar of Hepliaklqana.
   866 | D        | Found an opulent altar of Gozag.
   866 | D        | Found a sparkling altar of Nemelex Xobeh.
   866 | D        | Found a corrupted altar of Lugonu.
   866 | D        | Found a viscous altar of Jiyva.
   920 | D        | Noticed Erica
   926 | D        | Killed Erica
   927 | D        | Reached skill level 16 in Axes
   927 | D        | Reached XP level 9. HP: 74/96 MP: 9/9
  1104 | D        | Noticed a centaur warrior
  1111 | D        | Reached skill level 17 in Axes
  1117 | D        | Killed a centaur warrior
  1117 | D        | Received a gift from Trog
  1118 | D        | Reached skill level 15 in Fighting
  1118 | D        | Reached skill level 18 in Axes
  1325 | D        | Killed an unseen horror
  1431 | D        | Noticed a queen bee
  1442 | D        | Killed a queen bee
  1450 | D        | Reached XP level 10. HP: 64/107 MP: 10/10
  1461 | D        | Received a gift from Trog
  1462 | D        | Reached skill level 19 in Axes
  1484 | D        | Reached skill level 1 in Evocations
  1490 | D        | Reached ****** piety under Trog
  1498 | D        | Received a gift from Trog
  1513 | D        | HP: 4/107 [killer bee (8)]
  1516 | D        | Succumbed to a killer bee's poison

Illustrated notes

Levels and vault maps discovered:
D:        dungeon_sprint_mu [sprint_mu_entry_forest, sprint_mu_temple_rooms,
          sprint_mu_d1_horrors, sprint_mu_d2_genie, sprint_mu_d3_branching,
          sprint_mu_orc_legion, sprint_mu_elf_gauntlet, sprint_mu_hive_nellie,
          sprint_mu_lair_fedhas, sprint_mu_vaults_butterflies,
          sprint_mu_slime_circle, sprint_mu_swamp_cave, sprint_mu_snake_twists,
          sprint_mu_blade_basic, sprint_mu_crypt_lich, sprint_mu_tomb_spiral,
          sprint_mu_vestibule_basic, sprint_mu_gehenna_hellfire,
          sprint_mu_dis_giant, sprint_mu_tartarus_statrot,
          sprint_mu_cocytus_islands, sprint_mu_zot1]

Skill      XL: |  1  2  3  4  5  6  7  8  9 10 |
---------------+-------------------------------+-----
Fighting       | 5 7 8 9 11 12 14 15 16 | 16.2
Axes           | 6 8 9 10 13 14 16 18 19 | 19.4
Dodging        | 2 3 4 5 6 7 |  7.6
Armour         | 3 4 5 6 7 |  7.4
Stealth        | 1 2 3 |  3.8
Evocations     | 1 |  1.0

Action                     |  1- 3 |  4- 6 |  7- 9 | 10-12 || total
---------------------------+-------+-------+-------+-------++-------
  Melee: Hand axe          |    26 |    46 |    47 |       ||   119
         Executioner's axe |       |       |    20 |    44 ||    64
 Invoke: Berserk           |     3 |     2 |     4 |     1 ||    10
         Brothers in Arms  |       |       |     1 |     2 ||     3
         Trog's Hand       |       |       |       |     1 ||     1
  Evoke: Tin of tremorston |       |       |     2 |     1 ||     3
    Use: Scroll            |       |     3 |     1 |     1 ||     5
         Potion            |       |       |       |     3 ||     3
 Armour: Animal skin       |     3 |       |     2 |       ||     5
         Ring mail         |       |       |    13 |    12 ||    25
  Dodge: Dodged            |     5 |    17 |    32 |    51 ||   105

Table legend: (Time is in decaauts)
 A = Elapsed time spent in this place.
 B = Non-inter-level travel time spent in this place.
 C = Inter-level travel time spent in this place.
 D = Time resting spent in this place.
 E = Time spent auto-exploring this place.
 F = Levels seen in this place.
 G = Mean time per level.
                   A        B        C        D        E       F      G
               +--------+--------+--------+--------+--------+-----+--------+
         Total |   1584 |   1562 |     22 |   1046 |     66 |   1 | 1584.0 |
       Dungeon |   1584 |   1562 |     22 |   1046 |     66 |   1 | 1584.0 |
               +--------+--------+--------+--------+--------+-----+--------+

Top non-repeatable levels by time:
       D: 1584 daAuts
